 Dungeon Crawl Stone Soup version 0.21.1-1-g345015f (webtiles) character file.

17 mikered the Ducker (level 2, -4/22 HPs)
             Began as a Human Wanderer on Apr 22, 2018.
             Slain by a leopard gecko (5 damage)
             ... on level 1 of the Dungeon.
             The game lasted 00:08:26 (554 turns).

mikered the Ducker (Human Wanderer)                  Turns: 554, Time: 00:08:27

Health: -4/22      AC:  2    Str: 10    XL:     2   Next: 80%
Magic:  2/5        EV: 12    Int: 13    God:
Gold:   53         SH:  0    Dex: 13    Spells: 2/5 levels left

rFire    . . .     SeeInvis .   j - -3 hunting sling (curse)
rCold    + . .     Gourm    .   (no shield)
rNeg     . . .     Faith    .   d - +0 robe
rPois    .         Spirit   .   (no helmet)
rElec    .         Reflect  .   (no cloak)
rCorr    .         Harm     .   (no gloves)
MR       .....                  (no boots)
Stlth    ++........             (no amulet)
HPRegen  0.07/turn              i - ring of protection from cold
MPRegen  0.09/turn              (no ring)

@: very slightly contaminated
A: no striking features
a: no special abilities


You were on level 1 of the Dungeon.
You were not hungry.

You visited 1 branch of the dungeon, and saw 2 of its levels.

You collected 53 gold pieces.

Inventory:

Hand Weapons
 j - a cursed -3 hunting sling (weapon)
 l - a +0 short sword
Armour
 d - a +0 robe (worn)
Jewellery
 i - a ring of protection from cold (left hand)
Books
 a - a book of Minor Magic

   Spells                             Type                      Level
   a - Magic Dart                     Conjuration                  1
   b - Blink                          Translocation                2
   c - Call Imp                       Summoning                    2
   d - Slow                           Hexes                        2
   e - Conjure Flame                  Conjuration/Fire             3
   f - Mephitic Cloud                 Conjuration/Poison/Air       3
 c - the Reference Book on Orientation

   Spells                             Type                      Level
   a - Apportation                    Translocation                1
   b - Recall                         Summoning/Translocation      3
Comestibles
 f - 2 rations


   Skills:
 - Level 2.0 Fighting
 + Level 2.2 Dodging
 - Level 2.0 Stealth
 - Level 1.0 Unarmed Combat
 - Level 2.0 Spellcasting
   Level 2.0 Hexes
 - Level 1.0 Translocations


You had 2 spell levels left.
You knew the following spells:

 Your Spells              Type           Power        Failure   Level  Hunger
a - Magic Dart            Conj           #...         26%         1    ##.....
b - Blink                 Tloc           N/A          26%         2    ###....


Dungeon Overview and Level Annotations

Branches:
Dungeon (2/15)

Altars:


Message History

You aren't carrying any potions.
Quiver which item? (- for none, * to show all) (? for menu, Esc to quit)
Quivering
e - a +0 dagger for throwing.
Tossing away (i - inventory):
e - a +0 dagger (quivered)
Press: ? - help, Shift-Dir - straight line, f/p - leopard gecko
Aim: a leopard gecko (clinging)
You toss away a +0 dagger.
The +0 dagger misses the leopard gecko.
The leopard gecko bites you. x2
* * * LOW HITPOINT WARNING * * *
You clumsily bash the leopard gecko but do no damage.
The leopard gecko closely misses you.
You clumsily bash the leopard gecko but do no damage.
The leopard gecko barely misses you. x2
You clumsily bash the leopard gecko but do no damage.
The leopard gecko closely misses you. The leopard gecko barely misses you.
You clumsily bash the leopard gecko but do no damage.
The leopard gecko bites you.
* * * LOW HITPOINT WARNING * * *
The leopard gecko bites you.
You die...

#># #.# ...# #.###
#.. ..... #...# #...
.#### ###.# #.#.#
#.# #.#.# #.# #.#.##
## #.# #.# #. .##
#.# #.# .#.. #.# #@#
... #.# #l# #.# #
#.#####.####.#.##..#
#......)†.†((....(..
#######)...(........
######(#(###.. #(#.#
#.# # #.#


You could see a leopard gecko.

Vanquished Creatures
  4 bats
  A giant cockroach (D:1)
  2 hobgoblins
  2 jackals (D:1)
  2 kobolds (D:1)
  2 goblins (D:1)
  3 rats
16 creatures vanquished.

Notes
Turn   | Place    | Note
-------+----------+-------------------------------------------
     0 | D:1      | mikered the Human Wanderer began the quest for the Orb.
     0 | D:1      | mikered set off with: a book of Minor Magic, a potion of curing, the Reference Book on Orientation, a +0 robe, a +0 dagger, a ration
     0 | D:1      | Reached XP level 1. HP: 16/16 MP: 3/3
     0 | D:1      | Identified the Reference Book on Orientation
     5 | D:1      | Learned a level 1 spell: Magic Dart
    44 | D:1      | Reached skill level 1 in Dodging
   245 | D:1      | Reached XP level 2. HP: 18/22 MP: 1/5
   251 | D:1      | Learned a level 2 spell: Blink
   554 | D:1      | HP: 1/22 [leopard gecko (5)]
   554 | D:1      | Slain by a leopard gecko

Skill      XL: |  1  2 |
---------------+-------+-----
Dodging        | 1 2 |  2.2
Fighting       | |  2.0
Stealth        | |  2.0
Unarmed Combat | |  1.0
Spellcasting   | |  2.0
Hexes          | |  2.0
Translocations | |  1.0

Action                   || total
-------------------------++-------
Melee: Dagger            ||    35
       Hunting sling     ||    14
 Fire: Hunting sling     ||    19
 Cast: Magic Dart        ||    10
       Blink             ||     1
  Use: Potion            ||     4
 Stab: Sleeping          ||     1
Armor: Robe              ||    18
Dodge: Dodged            ||    52
